 Dungeon Crawl Stone Soup version 0.30-a0-782-ge64f9170bb (webtiles) character file.

Game seed: 10522542648354593746

553 theswoord the Magician (level 7, -2/36 HPs)
             Began as a Deep Elf Air Elementalist on Feb 23, 2023.
             Was an Initiate of Vehumet.
             Shot with an arrow by a centaur (12 damage)
             ... on level 5 of the Dungeon.
             The game lasted 00:03:51 (4323 turns).

theswoord the Magician (Deep Elf Air Elementalist)  Turns: 4323, Time: 00:03:52

Health: -2/36      AC:  4    Str:  5    XL:     7   Next: 8%
Magic:  14/18      EV: 12    Int: 22    God:    Vehumet [......]
Gold:   298        SH:  0    Dex: 15    Spells: 15/18 levels left

rFire   . . .      SeeInvis .    c - staff of conjuration
rCold   . . .      Faith    .    (no shield)
rNeg    . . .      Spirit   .    a - +0 robe
rPois   .          Reflect  .    (no helmet)
rElec   .          Harm     .    e - +0 cloak
rCorr   .          Rampage  .    (no gloves)
Will    .....                    q - +0 pair of boots
Stlth   ++                       (no amulet)
HPRegen 0.26/turn                (no ring)
MPRegen 0.16/turn                (no ring)

@: no status effects
A: no striking features
a: Renounce Religion


You were on level 5 of the Dungeon.
You worshipped Vehumet.
Vehumet was noncommittal.
You visited 1 branch of the dungeon, and saw 5 of its levels.

You collected 298 gold pieces.

Inventory:

Armour
 a - a +0 robe (worn)
 e - a +0 cloak (worn)
 q - a +0 pair of boots (worn)
Magical Staves
 c - a staff of conjuration (weapon)
Jewellery
 f - a ring of poison resistance
Wands
 m - a wand of charming (14)
Scrolls
 d - 2 scrolls of teleportation
 k - 3 scrolls of enchant weapon
 n - a scroll of fog
 o - a scroll of enchant armour {unknown}
Potions
 b - a potion of magic
 g - 5 potions of flight
 h - 2 potions of mutation {unknown}
 i - 4 potions of berserk rage {unknown}
 j - 4 potions of heal wounds {unknown}
 l - 3 potions of curing {unknown}
 p - a potion of ambrosia {unknown}


   Skills:
 - Level 2.4 Dodging
 - Level 2.4 Stealth
 + Level 6.4 Spellcasting
 + Level 4.7 Conjurations
 + Level 5.2 Air Magic


You had 15 spell levels left.
You knew the following spells:

 Your Spells              Type           Power      Damage    Failure   Level
a - Shock                 Conj/Air       100%       1d9       1%          1
b - Static Discharge      Conj/Air       86%        2-6/arc   1%          2

Your spell library contained the following spells:

 Spells                   Type           Power      Damage    Failure   Level
 Swiftness                Air            30%        N/A       3%          3
 Sandblast                Erth           14%        2d6       9%          1
 Stone Arrow              Conj/Erth      52%        3d10      10%         3
 Airstrike                Air            15%        2d(3-19)  10%         4
 Passwall                 Tmut/Erth      5%         N/A       13%         2
 Animate Armour           Summ/Erth      14%        N/A       65%         4
 Lehudib's Crystal Spear  Conj/Erth      13%        10d4      100%        8


Dungeon Overview and Level Annotations

Branches:
Dungeon (5/15)
 Temple: D:4-7

Altars:
Qazlal
Ru
Uskayaw
Vehumet
Yredelemnul


Message History

An ogre is nearby!
Aim: an ogre, wielding a +0 giant club (asleep, 100% to hit)
You feel a surge of power!
The zap hits the ogre.
Aim: an ogre, wielding a +0 giant club (lightly wounded, 88% to hit)
You feel a surge of power!
The zap hits the ogre!
Aim: an ogre, wielding a +0 giant club (heavily wounded, 88% to hit)
You feel a surge of power!
The zap hits the ogre!
Aim: an ogre, wielding a +0 giant club (almost dead, 88% to hit)
You feel a surge of power!
The zap hits the ogre.
Aim: an ogre, wielding a +0 giant club (almost dead, 88% to hit)
You feel a surge of power!
The zap hits the ogre.
You kill the ogre!
Vehumet accepts your kill.
You have reached level 7!
You hear the rapid hiss of a distant avalanche of sand.
You hear the rapid hiss of a distant avalanche of sand.
You see here a +0 giant club.
A centaur comes into view.
The centaur shouts!
The centaur wields a +0 shortbow.
The centaur shoots an arrow.
The arrow hits you.
A centaur is nearby!
A centaur is nearby!
Aim: a centaur, wielding a +0 shortbow (84% to hit)
You feel a surge of power!
The zap hits the centaur.
The centaur shoots an arrow.
The arrow closely misses you.
The centaur shoots an arrow.
The arrow hits you.
Aim: a centaur, wielding a +0 shortbow (lightly wounded, 84% to hit)
You feel a surge of power!
The zap misses the centaur.
The centaur shoots an arrow.
The arrow barely misses you.
Aim: a centaur, wielding a +0 shortbow (lightly wounded, 84% to hit)
You feel a surge of power!
The zap hits the centaur!
The hiss of flowing sand is almost imperceptible now.
The centaur shoots an arrow.
The arrow hits you!
The centaur shoots an arrow.
The arrow hits you!
* * * LOW HITPOINT WARNING * * *
Aim: a centaur, wielding a +0 shortbow (heavily wounded, 84% to hit)
You feel a surge of power!
The zap misses the centaur.
The centaur shoots an arrow.
The arrow hits you!
You die...

#####....
#c. ##..#
..# #..#
#.# #..#
#.# #..#
#.# #..#
#.# #...
#.# #...
#@# ####
#.#
######.
#.#
.......
#.#
#####.
#.### ##
#...# #
###.# #
#.# # #.#
#


You could see a centaur.

Vanquished Creatures
  An ogre (D:5)
  A centaur (D:5)
  2 scorpions (D:5)
  Crazy Yiuf (D:2)
  2 hounds
  An iguana (D:5)
  Ijyb (D:3)
  2 orc wizards
  3 adders
  9 orcs
  6 endoplasms
  3 giant cockroaches
  5 hobgoblins
  5 ball pythons
  6 bats
  A frilled lizard (D:3)
  3 goblins
  11 kobolds
  2 rats
65 creatures vanquished.

Notes
Turn   | Place    | Note
-------+----------+-------------------------------------------
     0 | D:1      | theswoord the Deep Elf Air Elementalist began the quest for
                  | the Orb.
     0 | D:1      | Reached XP level 1. HP: 10/10 MP: 6/6
   276 | D:1      | Reached XP level 2. HP: 15/15 MP: 6/8
  1309 | D:2      | Identified a scroll of acquirement
  1309 | D:2      | Acquired a staff of conjuration
  1334 | D:2      | Reached XP level 3. HP: 14/19 MP: 2/10
  1433 | D:2      | Learned a level 2 spell: Static Discharge
  1806 | D:2      | Found a runed translucent door.
  1807 | D:2      | Noticed Crazy Yiuf
  1969 | D:2      | Killed Crazy Yiuf
  1970 | D:2      | Reached skill level 4 in Spellcasting
  1970 | D:2      | Reached XP level 4. HP: 15/24 MP: 4/12
  2330 | D:3      | Found a stormy altar of Qazlal.
  2487 | D:3      | Noticed Ijyb
  2490 | D:3      | Killed Ijyb
  2491 | D:3      | Reached XP level 5. HP: 28/28 MP: 10/14
  3034 | D:4      | Reached skill level 5 in Spellcasting
  3075 | D:4      | Found a hide-covered altar of Uskayaw.
  3077 | D:4      | Noticed a +0 dagger
  3077 | D:4      | Noticed a +0 dagger
  3168 | D:4      | Found a basalt altar of Yredelemnul.
  3264 | D:4      | Found a sacrificial altar of Ru.
  3345 | D:4      | Found a radiant altar of Vehumet.
  3393 | D:4      | Became a worshipper of Vehumet
  3637 | D:5      | Entered Level 5 of the Dungeon
  3798 | D:5      | Reached XP level 6. HP: 15/32 MP: 8/16
  4095 | D:5      | Reached skill level 6 in Spellcasting
  4095 | D:5      | Reached skill level 5 in Air Magic
  4273 | D:5      | Reached XP level 7. HP: 36/36 MP: 12/18
  4323 | D:5      | Shot with an arrow by a centaur

Skill      XL: |  1  2  3  4  5  6 |
---------------+-------------------+-----
Conjurations   | 2 3 4 |  4.7
Spellcasting   | 4 5 6 |  6.4
Air Magic      | 4 5 |  5.2
Dodging        | |  2.4
Stealth        | |  2.4

Action                     |  1- 3 |  4- 6 |  7- 9 || total
---------------------------+-------+-------+-------++-------
   Cast: Shock             |    50 |    88 |     4 ||   142
         Static Discharge  |     3 |     6 |       ||     9
    Use: Scroll            |     9 |     3 |       ||    12
 Armour: Robe              |       |     2 |       ||     2
  Dodge: Dodged            |     6 |     5 |     2 ||    13

Levels and vault maps discovered:
D:1:      evilmike_arrival_hilbert_curve, layout_basic, kennysheep_small_spiral
D:2:      layout_basic, uniq_crazy_yiuf_cottage
D:3:      layout_basic, marbit_many_paths, uniq_ijyb
D:4:      layout_loops_cross, mainiacjoe_overflow_large_starburst,
          mainiacjoe_overflow_tiny_flanked, dancing_weapons_uskayaw,
          hangedman_decor_riveting, chequers_serial_rivers_small_3
D:5:      layout_loops_ring, beargit_hepliaklqana_dungeon_heroes,
          nicolae_ossuary_entry_false_entrances
